 Dungeon Crawl Stone Soup version 0.30-a0-799-g109b55a442 (webtiles) character file.

Game seed: 5764584177627382643

3385 Esekla the Sneak (level 10, -2/65 (68) HPs)
             Began as an Octopode Delver on Feb 20, 2023.
             Was an Initiate of Gozag.
             Slain by a killer bee (5 damage)
             ... on level 9 of the Dungeon.
             The game lasted 00:55:08 (9703 turns).

Esekla the Sneak (Octopode Delver)                  Turns: 9703, Time: 00:55:09

HP:   -2/65 (68)    AC:  1    Str: 11    XL:     10   Next: 4%
MP:   8/18          EV: 14    Int: 17    God:    Gozag
Gold: 164           SH:  0    Dex: 14    Spells: 10/20 levels left

rFire   . . .      SeeInvis .    a - +0 falchion
rCold   . . .      Faith    .    (no shield)
rNeg    . . .      Spirit   .    (helmet restricted)
rPois   +          Reflect  .    (no amulet)
rElec   .          Harm     .    g - ring of poison resistance
rCorr   +          Rampage  .    D - ring of resist corrosion
Will    .....                    (no ring)
Stlth   ++++                     (no ring)
HPRegen 0.30/turn                (no ring)
MPRegen 0.16/turn                (no ring)
                                 (no ring)
                                 (no ring)

@: gold aura, very slightly contaminated, lightly drained
A: almost no armour, amphibious, 8 rings, camouflage 1, gelatinous body 1,
(nimble swimmer 1), tentacles
a: Renounce Religion, Potion Petition, Call Merchant, Bribe Branch


You were on level 9 of the Dungeon.
You worshipped Gozag.
Gozag was aware of your devotion.
You visited 1 branch of the dungeon, and saw 9 of its levels.
You also visited: Ossuary.

You collected 1400 gold pieces.
You spent 568 gold pieces at shops.
You paid 668 gold pieces to Gozag.

Inventory:

Hand Weapons
 a - a +0 falchion (weapon)
 r - a +0 trident
 s - a +2 dagger of holy wrath
Missiles
 c - 18 poisoned darts (quivered)
 l - 3 throwing nets
Jewellery
 g - a ring of poison resistance (left tentacle)
 D - a ring of resist corrosion (right tentacle)
Wands
 f - a wand of digging (3)
Scrolls
 b - 2 scrolls of fog
 h - 6 scrolls of teleportation
 i - 5 scrolls of enchant weapon {unknown}
 m - 3 scrolls of noise {unknown}
 p - 2 scrolls of poison {unknown}
 v - a scroll of immolation {unknown}
 w - a scroll of identify
 x - 2 scrolls of enchant armour {unknown}
 y - a scroll of torment {unknown}
 A - a scroll of brand weapon {unknown}
 C - a scroll of vulnerability {unknown}
 E - a scroll of blinking {unknown}
Potions
 d - a potion of heal wounds {unknown}
 e - 2 potions of haste
 j - 4 potions of magic
 k - 4 potions of lignification
 n - 6 potions of curing
 o - 2 potions of might
 q - 2 potions of mutation
 t - 3 potions of attraction
 u - 2 potions of resistance
 z - a potion of flight {unknown}
 B - a potion of invisibility {unknown}


   Skills:
 * Level 5.8 Fighting
 + Level 2.5(4.6) Short Blades
 * Level 6.1(6.4) Long Blades
 + Level 0.6 Throwing
 * Level 4.5 Dodging
 - Level 7.2 Stealth
 * Level 5.8 Spellcasting
 * Level 1.3 Conjurations
 + Level 5.2 Necromancy
 + Level 3.5 Translocations
 * Level 1.8 Ice Magic
 * Level 1.6 Air Magic
 * Level 1.9 Poison Magic


You had 10 spell levels left.
You knew the following spells:

 Your Spells              Type           Power      Damage    Failure   Level
a - Ozocubu's Armour      Ice            11%        N/A       19%         3
b - Blink                 Tloc           34%        N/A       4%          2
d - Vampiric Draining     Necr           22%        2d7       4%          3
v - Poisonous Vapours     Pois/Air       22%        N/A       10%         2

Your spell library contained the following spells:

 Spells                   Type           Power      Damage    Failure   Level
 Necrotise                Necr           88%        1d8       1%          1
 Lesser Beckoning         Tloc           34%        N/A       4%          2
 Momentum Strike          Conj/Tloc      26%        3d8       8%          2
 Sting                    Tmut/Pois      32%        1d4       9%          1
 Gell's Gravitas          Tloc           17%        N/A       9%          3
 Teleport Other           Tloc           17%        N/A       9%          3
 Sandblast                Erth           8%         2d5       13%         1
 Ensorcelled Hibernation  Hex/Ice        16%        N/A       14%         2
 Passwall                 Tmut/Erth      3%         N/A       21%         2
 Swiftness                Air            10%        N/A       21%         3
 Stone Arrow              Conj/Erth      14%        3d7       30%         3
 Agony                    Necr           22%        N/A       38%         5
 Olgreb's Toxic Radiance  Pois           11%        N/A       50%         4
 Dispersal                Tloc           8%         N/A       99%         6
 Ozocubu's Refrigeration  Ice            5%         4d8       100%        7


Dungeon Overview and Level Annotations

Branches:
Dungeon (9/15)             Temple (0/1) D:7         Ossuary (visited)
   Lair: D:8-11         Orc: D:9-12

Altars:
Gozag
Hepliaklqana
Nemelex Xobeh

Shops:
D:6 :   D:7 :   D:8 :

Annotations:
D:5 centaur
D:6 3 runed translucent doors, Palms's ghost, amateur DrAE
D:9 1 runed translucent door, GiantSquids's ghost, novice GrFE


Innate Abilities, Weirdness & Mutations

You cannot wear most types of armour.
You are amphibious.
You can wear up to eight rings at the same time.
Your skin changes colour to match your surroundings (Stealth+).
Your rubbery body absorbs attacks. (AC +1, EV +1)
((You are camouflaged when in or above water. (Stealth+)))
You have tentacles for arms and can constrict up to eight enemies at once.


Message History

The killer bee stings you.
Casting: Poisonous Vapours (safe; 10% risk of failure)
Confirm with . or Enter, or press ? or * to list all spells.
Aiming: Poisonous Vapours (safe; 10% risk of failure)
Press: ? - help, Dir - move target, f - killer bee, p - killer bee
Aim: a killer bee You miscast Poisonous Vapours.
You are very lightly contaminated with residual magic.
Nothing appears to happen.
The killer bee closely misses you. The killer bee completely misses you.
The killer bee misses you. The killer bee barely misses you.
Casting: Poisonous Vapours (safe; 10% risk of failure)
Confirm with . or Enter, or press ? or * to list all spells.
You don't know that spell.
Hit: a) +0 falchion
Press: ? - help, Dir - move target, f/p - killer bee
Aim: a killer bee (about 62% to evade your +0 falchion)
You closely miss the killer bee. Your grab misses the killer bee.
Your squeeze misses the killer bee.
You kill the killer bee!
The killer bee closely misses you. x2
Your Conjurations skill increases to level 1!
Casting: Poisonous Vapours (safe; 10% risk of failure)
Confirm with . or Enter, or press ? or * to list all spells.
Aiming: Poisonous Vapours (safe; 10% risk of failure)
Press: ? - help, Dir - move target, f/p - killer bee
Aim: a killer bee Poisonous vapours surround the killer bee!
The killer bee is poisoned.
The killer bee barely misses you. The killer bee stings you.
The killer bee misses you. The killer bee completely misses you.
The wight attacks as you move away! The wight hits you with a +3 battleaxe!
* * * LOW HITPOINT WARNING * * *
You feel drained.
* * * LOW HITPOINT WARNING * * *
The killer bee attacks as you move away!
The killer bee stings you.
You die...
Your body crumbles into a pile of gold.

.[......# #..####..# #..#
........# #........# #..#
........# #........# #..#
........# #..####..# #..#
.>......######..# #..#####..#
................# #.........#
................####.........#
.#####..######...............#
.# #..# #.z@............# .#
#..# #zy####.........# .# #..#
#..# #.........# .# #..# #.$#
#.........# .# #..# #zz#
#.........# .# #..# #..#
#........ ######.z####.......
..............?..
.........$.......


You could see a killer bee (poisoned) and 5 wights.

Vanquished Creatures
  Pikel (D:6)
  Sigmund (D:3)
  A steam dragon (D:6)
  An ice beast (D:7)
  2 black bears
  3 sky beasts
  An orc warrior (D:9)
  An ogre (D:5)
  A phantom (D:6)
  A kobold brigand (D:7)
  A lemure (D:5)
  2 necrophages
  3 scorpions
  3 wights (D:7)
  5 killer bees
  2 jellies
  2 howler monkeys
  6 orc priests
  8 hounds
  2 gnoll boudas
  3 iguanas
  2 orc wizards
  13 mummies (Ossuary)
  3 adders
  9 gnolls
  2 shadow imps (D:6)
  A dart slug (D:3)
  16 orcs
  4 endoplasms
  2 giant cockroaches
  6 goblins
  6 hobgoblins
  2 jackals (D:3)
  7 kobolds
  3 quokkas
  5 ball pythons
  6 bats
  A frilled lizard (D:1)
  2 gnoll skeletons (Ossuary)
  3 goblin skeletons (Ossuary)
  3 kobold skeletons (Ossuary)
  7 rats
  11 rat skeletons (Ossuary)
164 creatures vanquished.

Vanquished Creatures (others)
  A fungus (D:6)
  3 plants (D:6)
  2 withered plants (D:9)
6 creatures vanquished.

Grand Total: 170 creatures vanquished

Notes
Turn   | Place    | Note
-------+----------+-------------------------------------------
     0 | D:5      | Esekla the Octopode Delver began the quest for the Orb.
     0 | D:5      | Reached XP level 1. HP: 16/16 MP: 1/1
    15 | D:5      | Noticed a centaur
    30 | D:5      | Found a sparkling altar of Nemelex Xobeh.
    40 | D:5      | Found an opulent altar of Gozag.
    42 | D:5      | Found a hazy altar of Hepliaklqana.
   104 | D:5      | Became a worshipper of Gozag Ym Sagoz the Greedy
   243 | D:4      | Noticed a hound
   528 | D:3      | Noticed Sigmund
   593 | D:2      | Identified the +7 mace "Qomownau" {drain, rElec rCorr}
   644 | D:2      | Reached XP level 2. HP: 20/21 MP: 2/2
   953 | D:2      | Reached skill level 7 in Stealth
  1304 | D:1      | Reached XP level 3. HP: 26/26 MP: 3/3
  1350 | D:1      | Learned a level 2 spell: Blink
  1429 | D:1      | Found a faded altar of an unknown god.
  2413 | D:3      | Reached skill level 1 in Spellcasting
  2413 | D:3      | Reached skill level 1 in Necromancy
  2413 | D:3      | Reached XP level 4. HP: 31/31 MP: 5/5
  2427 | D:3      | Learned a level 3 spell: Vampiric Draining
  2473 | D:3      | Reached skill level 1 in Translocations
  2473 | D:3      | Reached XP level 5. HP: 22/36 MP: 6/6
  2669 | D:3      | Killed Sigmund
  2670 | D:3      | Reached skill level 1 in Short Blades
  2670 | D:3      | Reached XP level 6. HP: 43/43 MP: 6/8
  3822 | D:5      | Reached XP level 7. HP: 45/48 MP: 10/10
  4369 | D:6      | Found a sand-covered staircase.
  4423 | Ossuary  | Entered an ossuary
  4972 | D:5      | Reached XP level 8. HP: 35/54 MP: 4/11
  5317 | D:6      | Reached skill level 5 in Long Blades
  5734 | D:6      | Reached skill level 5 in Fighting
  6183 | D:6      | Noticed Pikel
  6211 | D:6      | Killed Pikel
  6212 | D:6      | Reached XP level 9. HP: 35/61 MP: 4/15
  6351 | D:6      | Found a runed translucent gate.
  6351 | D:6      | Found a runed translucent gate.
  6351 | D:6      | Found a runed translucent gate.
  6352 | D:6      | Noticed a kobold demonologist
  6353 | D:6      | Noticed Palms's ghost (amateur DrAE)
  6753 | D:6      | Bought a Young Poisoner's Handbook for 280 gold pieces
  6756 | D:6      | Learned a level 2 spell: Poisonous Vapours
  7667 | D:7      | Reached skill level 1 in Poison Magic
  7958 | D:7      | Found Upsoggui's Book Shop.
  8054 | D:7      | Reached skill level 1 in Air Magic
  8071 | D:7      | Reached skill level 5 in Spellcasting
  8071 | D:7      | Reached skill level 5 in Necromancy
  8362 | D:7      | Reached skill level 1 in Ice Magic
  8448 | D:7      | Bought Ozocubu's Autobiography for 288 gold pieces
  8452 | D:7      | Learned a level 3 spell: Ozocubu's Armour
  8586 | D:7      | Found a staircase to the Ecumenical Temple.
  9002 | D:8      | Found Gerym's Book Shoppe.
  9565 | D:9      | Found a runed translucent door.
  9565 | D:9      | Noticed GiantSquids's ghost (novice GrFE)
  9585 | D:9      | Reached XP level 10. HP: 66/67 MP: 3/18
  9700 | D:9      | Reached skill level 1 in Conjurations
  9703 | D:9      | HP: 3/65 [wight/+3 battleaxe (6)]
  9703 | D:9      | Slain by a killer bee

Illustrated notes

Levels and vault maps discovered:
D:1:      dpeg_arrival_signposts, layout_basic,
          chequers_ecumenical_altar_simple_redux, minmay_heptomino_l4
D:2:      minmay_chambers_of_ones, layout_basic, kennysheep_nub
D:3:      layout_basic, uniq_sigmund
D:4:      layout_loops_corners, minmay_misc_feat_columns
D:5:      layout_basic, minitemple
D:6:      layout_gridville, gammafunk_ghost_nasty_kobolds, enter_ossuary_1,
          chequers_garden, uniq_pikel
D:7:      layout_gridville, minmay_temple_entry_proselytizer, serial_shops,
          kennysheep_little_box
D:8:      layout_cave_pools, serial_shops, nicolae_shop_waterfront
D:9:      layout_small_grid, nicolae_overflow_hidden_temple,
          gammafunk_ghost_grave, uniq_prince_ribbit1

Skill      XL: |  1  2  3  4  5  6  7  8  9 10 |
---------------+-------------------------------+-----
Stealth        | 7 |  7.2
Spellcasting   | 1 2 4 5 |  5.8
Necromancy     | 1 2 4 5 |  5.2
Translocations | 1 2 3 |  3.5
Short Blades   | 1 2 |  2.5
Long Blades    | 3 4 5 6 |  6.1
Fighting       | 4 5 |  5.8
Dodging        | 3 4 |  4.5
Poison Magic   | 1 |  1.9
Air Magic      | 1 |  1.6
Ice Magic      | 1 |  1.8
Conjurations   | 1 |  1.3
Throwing       | |  0.6

Action                     |  1- 3 |  4- 6 |  7- 9 | 10-12 || total
---------------------------+-------+-------+-------+-------++-------
  Melee: Falchion          |    24 |    25 |   150 |     1 ||   200
         Dagger            |    29 |    16 |    68 |       ||   113
         Tentacles         |    11 |     9 |    53 |       ||    73
         Constrict         |    11 |     6 |    59 |       ||    76
         Punch             |     1 |       |     3 |       ||     4
  Throw: Dart              |       |       |     8 |       ||     8
         Throwing net      |       |       |     2 |       ||     2
   Cast: Vampiric Draining |       |       |    58 |       ||    58
         Poisonous Vapours |       |       |    15 |     5 ||    20
         Ozocubu's Armour  |       |       |     3 |       ||     3
         Blink             |       |       |     1 |       ||     1
 Invoke: Call Merchant     |       |       |     1 |       ||     1
    Use: Scroll            |     1 |     4 |     9 |       ||    14
         Potion            |       |       |     1 |       ||     1
   Stab: Sleeping          |    18 |    12 |    21 |       ||    51
         Distracted        |       |     1 |     2 |       ||     3
 Armour: Skin              |     2 |     3 |    19 |     1 ||    25
  Dodge: Dodged            |    21 |    24 |   185 |    20 ||   250

Table legend: (Time is in decaauts)
 A = Elapsed time spent in this place.
 B = Non-inter-level travel time spent in this place.
 C = Inter-level travel time spent in this place.
 D = Time resting spent in this place.
 E = Time spent auto-exploring this place.
 F = Levels seen in this place.
 G = Mean time per level.
                   A        B        C        D        E       F      G
               +--------+--------+--------+--------+--------+-----+--------+
         Total |   9674 |   9543 |    131 |   1854 |   2569 |  10 |  967.4 |
       Dungeon |   9155 |   9024 |    131 |   1727 |   2510 |   9 | 1017.2 |
       Ossuary |    518 |    518 |      0 |    127 |     59 |   1 |  518.0 |
               +--------+--------+--------+--------+--------+-----+--------+

Top non-repeatable levels by time:
     D:6: 2274 daAuts
     D:5: 1449 daAuts
     D:7: 1438 daAuts
     D:3: 954 daAuts
     D:2: 818 daAuts
     D:1: 779 daAuts
     D:4: 734 daAuts
     D:8: 545 daAuts
 Ossuary: 518 daAuts
     D:9: 162 daAuts
